 Dungeon Crawl Stone Soup version 0.25.0-9-g26727b657a (webtiles) character file.

Game seed: 10740853729162475552

20232 xccam the Severer (level 13, -7/94 HPs)
             Began as a Formicid Fighter on June 19, 2020.
             Was a High Priest of Cheibriados.
             Mangled by an iron troll (28 damage)
             ... on level 13 of the Dungeon.
             The game lasted 00:28:43 (12164 turns).

xccam the Severer (Formicid Fighter)               Turns: 12164, Time: 00:28:43

Health: -7/94      AC: 11    Str: 33 (35) XL:     13   Next: 10%
Magic:  4/17       EV: 14    Int: 20 (23) God:    Cheibriados [*****.]
Gold:   745        SH: 14    Dex: 21 (23) Spells: 12/12 levels left

rFire    + . .     SeeInvis +   a - +4 war axe
rCold    . . .     Gourm    .   c - +0 kite shield
rNeg     + . .     Faith    .   i - +0 swamp dragon scales
rPois    +         Spirit   .   (helmet unavailable)
rElec    +         Reflect  .   r - +1 cloak
rCorr    .         Harm     .   C - +2 pair of gloves {archery}
MR       +++..     Clarity  +   (no boots)
Stlth    +.........             t - amulet "Pyischa" {*Corrode rElec rF+ Regen+}
HPRegen  0.65/turn              B - +4 ring of evasion
MPRegen  0.15/turn              g - ring "Akkeram" {rN+ MR++ Str-2}

@: corroded, very slow
A: permanent stasis, dig shafts and tunnels, four strong arms, antennae 3,
clarity, evolution 1, subdued magic 1
a: Dig, Shaft Self, Bend Time, Temporal Distortion, Slouch, Step From Time,
Renounce Religion


You were on level 13 of the Dungeon.
You worshipped Cheibriados.
Cheibriados was extremely pleased with you.
You were very hungry.

You visited 2 branches of the dungeon, and saw 14 of its levels.

You collected 1000 gold pieces.
You spent 255 gold pieces at shops.

Inventory:

Hand Weapons
 a - a +4 war axe (weapon)
 b - a +3 hunting sling
 q - the +1 war axe of Neclisinoo {freeze, *Corrode +Inv rPois rC+++}
   (You found it on level 7 of the Dungeon)

   It has been specially enchanted to freeze those struck by it, causing extra
   injury to most foes and up to half again as much damage against particularly
   susceptible opponents.
   It can also slow down cold-blooded creatures.
   It renders you almost immune to cold.
   It protects you from poison.
   It lets you turn invisible.
   It may corrode you when you take damage.
 L - a +0 battleaxe
Missiles
 F - 24 sling bullets
 I - 133 stones (quivered)
Armour
 c - a +0 kite shield (worn)
 i - +0 swamp dragon scales (worn)
 k - a +0 chain mail
 r - a +1 cloak (worn)
 C - a +2 pair of gloves of archery (worn)
Jewellery
 g - the ring "Akkeram" (right hand) {rN+ MR++ Str-2}
   (You bought it in a shop on level 4 of the Dungeon)

   [ring of positive energy]

   It affects your strength (-2).
   It protects you from negative energy.
   It affects your resistance to hostile enchantments.
 m - a +6 ring of dexterity
 n - an uncursed ring of flight
 t - the amulet "Pyischa" (around neck) {*Corrode rElec rF+ Regen+}
   (You bought it in a shop on level 4 of the Dungeon)

   [amulet of regeneration]

   It protects you from fire.
   It insulates you from electricity.
   It increases your rate of regeneration.
   It may corrode you when you take damage.
 B - a +4 ring of evasion (left hand)
 D - an uncursed ring of poison resistance
 R - an uncursed ring of protection from fire
Wands
 o - a wand of enslavement (16)
 u - a wand of flame (46)
 G - a wand of paralysis (8)
 P - a wand of polymorph (6)
Scrolls
 e - a scroll of identify
 j - 4 scrolls of immolation
 l - a scroll of amnesia
 p - 10 scrolls of remove curse
 y - a scroll of fog {unknown}
 H - a scroll of holy word {unknown}
 N - a scroll of noise {unknown}
 Q - a scroll of magic mapping
Potions
 d - 2 potions of brilliance
 h - 3 potions of stabbing
 v - 2 potions of lignification
 z - a potion of resistance
Comestibles
 f - 24 rations
 s - 6 chunks of flesh


   Skills:
 - Level 6.3 Fighting
 + Level 15.2 Axes
 - Level 5.0 Slings
 - Level 9.6 Armour
 - Level 9.0 Shields
 - Level 6.0 Invocations


You had 12 spell levels left.
You didn't know any spells.
Your spell library contained the following spells:

 Spells                   Type           Power        Failure   Level  Hunger
 Magic Dart               Conj           #...         21%         1    ##.....
 Call Imp                 Summ           #.......     32%         2    ###....
 Slow                     Hex            #.......     32%         2    ###....
 Confusing Touch          Hex            #.......     54%         3    ####...
 Conjure Flame            Conj/Fire      #.......     54%         3    ####...
 Gell's Gravitas          Tloc           #.........   54%         3    ####...
 Mephitic Cloud           Conj/Pois/Air  #.......     54%         3    ####...
 Petrify                  Tmut/Erth      #.......     92%         4    #####..
 Irradiate                Conj/Tmut      #.........   99%         5    ######.
 Metabolic Englaciation   Hex/Ice        #.........   99%         5    ######.
 Yara's Violent Unravell  Hex/Tmut       #.........   99%         5    ######.
 Hydra Form               Tmut           #.........   100%        6    #######
 Statue Form              Tmut/Erth      #........    100%        6    #######
 Dragon Form              Tmut           #.........   100%        7    #######
 Blink                    Tloc           Unusable     N/A         2    N/A

Dungeon Overview and Level Annotations

Branches:
Dungeon (13/15)            Temple (1/1) D:4            Lair (0/6) D:9
    Orc (0/2) D:11
 Vaults: D:13-14

Altars:
Ashenzari
Cheibriados
Dithmenos
Elyvilon
Fedhas
Gozag
Hepliaklqana
Kikubaaqudgha
Makhleb
Nemelex Xobeh
Okawaru
Qazlal
Ru
Sif Muna
Trog
Uskayaw
Vehumet
Wu Jian
Xom
Yredelemnul
Zin
The Shining One
Lugonu

Shops:
D:4 :[**%


Innate Abilities, Weirdness & Mutations

You cannot be hasted, slowed, berserked, paralysed or teleported.
You can dig through walls and to a lower floor.
Your four strong arms can wield two-handed weapons with a shield.
You have a pair of large antennae on your head. (SInv)
You possess an exceptional clarity of mind.
You evolve.
Your spells are a little easier to cast, but a little less powerful.


Message History

* * * LOW HITPOINT WARNING * * *
The iron troll claws you.
* * * LOW HITPOINT WARNING * * *
The iron troll claws you but does no damage.
You hit the iron troll but do no damage.
The iron troll is almost dead.
Unknown command.
Okay, then.
Okay, then.
You feel better. The iron troll bites you.
* * * LOW HITPOINT WARNING * * *
You block the iron troll's attack. x2
You feel better. The iron troll misses you.
The iron troll completely misses you. The iron troll claws you!
* * * LOW HITPOINT WARNING * * *
You feel better.
You hit the iron troll but do no damage.
The iron troll is almost dead.
The iron troll bites you!!
You die...

*,,,,,* *..........# #......
*,,,,,* *.######.#.# #.....#
*,,,,,* *,#.,,,#.#.# #.....#
*,,,,,* *,#.**+#...# #.....#
*,,,,,* *,#.*,{#...####.....'
**,,,,,*
*,#.*,,#............#
*,,,,,,*
*,#O*,∩#.#..........#
***,,,,*
*,#T####.#.......####
*,,,,***,#.@....#.......#...
**,,,,,,,,#......#.......#...
*,,,,,,,,,########,####.,####
*,,,,,,,,,.....,,{,,,,*,,,,,,
*,,,,,,,,,+.{.####.,,,*,,,***
****,,,,,,#........,,,*,,,*
*,,,,,,#.{......,,,*,,,*
*,,,,,,#..).....,***,,,*
*,,,,,>#Y.......,+,,,,,*


You could see an iron troll and a two-headed ogre.

Vanquished Creatures
  Gastronok (D:12)
  A centaur warrior (D:13)
  3 manticores
  Pikel (D:8)
  An orc knight (D:11)
  An ugly thing (D:11)
  A deep elf mage (D:12)
  Joseph (D:7)
  4 centaur zombies
  2 gargoyles
  A komodo dragon (D:10)
  Maggie (D:8)
  3 kobold demonologists (D:12)
  3 trolls
  A hornet (D:9)
  4 slime creatures
  2 hippogriffs
  Sigmund (D:2)
  A spriggan (shapeshifter) (D:13)
  Eustachio (D:6)
  A wyvern (D:11)
  A human (shapeshifter) (D:13)
  A steam dragon (D:11)
  2 hungry ghosts
  Menkaure (D:7)
  5 vampire mosquitoes (D:11)
  3 insubstantial wisps (D:11)
  Duvessa (D:7)
  4 porcupines (D:9)
  3 sky beasts
  5 ice beasts
  2 slaves (D:8)
  A black bear (D:9)
  An eye of draining (D:8)
  5 necrophages
  4 orc warriors
  5 phantoms
  9 ogres
  2 centaurs
  2 crocodiles (D:9)
  A big kobold (D:9)
  A wyvern zombie (D:12)
  8 bullfrogs
  Dowan (D:7)
  3 wyvern skeletons
  5 scorpions
  8 killer bees
  10 wights
  3 howler monkeys
  2 bullfrog zombies (D:12)
  8 crimson imps
  A quasit (D:10)
  6 hounds
  Crazy Yiuf (D:3)
  2 bullfrog skeletons
  3 orc priests
  3 centaur skeletons
  3 gnoll shamans
  5 orc wizards
  An iguana (D:5)
  Terence (D:2)
  5 worker ants
  A hound zombie (D:7)
  A hound skeleton (D:7)
  2 mummies (D:12)
  2 worker ant zombies
  20 gnolls
  9 adders
  2 shadow imps
  2 adder skeletons (D:5)
  An adder zombie (D:9)
  A worm (D:2)
  2 dart slugs (D:3)
  8 leopard geckos
  34 orcs
  8 giant cockroaches
  6 goblins
  6 hobgoblins
  20 jackals
  2 quokkas
  A ball python (D:1)
  3 bats
  6 frilled lizards
  13 kobolds
  A leopard gecko skeleton (D:4)
  A leopard gecko zombie (D:5)
  2 quokka skeletons
  A quokka zombie (D:5)
  10 rats
  2 fungi (D:9)
  A plant (D:11)
341 creatures vanquished.

Vanquished Creatures (others)
  A hydra (D:11)
  5 fungi (D:9)
  A plant (D:9)
7 creatures vanquished.

Grand Total: 348 creatures vanquished

Notes
Turn   | Place    | Note
-------+----------+-------------------------------------------
     0 | D:1      | xccam the Formicid Fighter began the quest for the Orb.
     0 | D:1      | Reached XP level 1. HP: 18/18 MP: 1/1
   280 | D:1      | Reached XP level 2. HP: 24/24 MP: 2/2
   497 | D:1      | Reached skill level 3 in Axes
   821 | D:1      | Reached XP level 3. HP: 26/29 MP: 3/3
   885 | D:2      | Noticed Terence
   894 | D:2      | Killed Terence
   957 | D:2      | Found a blossoming altar of Fedhas.
  1007 | D:2      | Reached skill level 4 in Axes
  1007 | D:2      | Reached XP level 4. HP: 35/35 MP: 4/4
  1386 | D:2      | Noticed Sigmund
  1396 | D:2      | Killed Sigmund
  1396 | D:2      | Reached skill level 5 in Axes
  1396 | D:2      | Reached XP level 5. HP: 41/41 MP: 5/5
  1396 | D:2      | Reached XP level 6. HP: 47/47 MP: 6/6
  1420 | D:2      | Reached skill level 6 in Axes
  2180 | D:3      | Found a runed translucent door.
  2181 | D:3      | Noticed Crazy Yiuf
  2295 | D:3      | Killed Crazy Yiuf
  2614 | D:3      | Reached XP level 7. HP: 46/52 MP: 7/7
  2724 | D:3      | Reached skill level 7 in Axes
  3063 | D:4      | Found Ocakie's Assorted Antiques.
  3067 | D:4      | Bought a bound diamond amulet for 135 gold pieces
  3067 | D:4      | Identified the amulet "Pyischa" {*Corrode rElec rF+ Regen+}
                  | (You bought it in a shop on level 4 of the Dungeon)
  3107 | D:4      | Found a radiant altar of Vehumet.
  3145 | D:4      | Found Jirchow's Book Shop.
  3248 | D:4      | Found Colocekh's Assorted Antiques.
  3262 | D:4      | Found a staircase to the Ecumenical Temple.
  3308 | Temple   | Entered the Ecumenical Temple
  3390 | Temple   | Became a worshipper of Cheibriados the Contemplative
  3459 | D:4      | Found Zukk's Food Emporium.
  3565 | D:4      | Found Toloikk's Antique Armour Shoppe.
  3644 | D:4      | Bought a bound pewter ring for 120 gold pieces
  3644 | D:4      | Identified the ring "Akkeram" {rN+ MR++ Str-2} (You bought
                  | it in a shop on level 4 of the Dungeon)
  3862 | D:5      | Entered Level 5 of the Dungeon
  3894 | D:5      | Reached XP level 8. HP: 46/58 MP: 8/8
  3905 | D:5      | Reached skill level 5 in Shields
  4103 | D:5      | Reached * piety under Cheibriados
  4117 | D:5      | Reached skill level 5 in Armour
  4129 | D:5      | Found a hide-covered altar of Uskayaw.
  4349 | D:6      | Noticed Eustachio
  4380 | D:6      | Killed Eustachio
  4380 | D:6      | Reached skill level 8 in Axes
  4631 | D:6      | Reached ** piety under Cheibriados
  4730 | D:6      | Reached XP level 9. HP: 24/64 MP: 9/9
  5432 | D:7      | Got a bloodstained war axe
  5433 | D:7      | Identified the cursed +1 war axe of Neclisinoo {freeze,
                  | *Corrode +Inv rPois rC+++} (You found it on level 7 of the
                  | Dungeon)
  5525 | D:7      | Reached skill level 9 in Axes
  5698 | D:7      | Noticed Menkaure
  5710 | D:7      | Reached *** piety under Cheibriados
  5712 | D:7      | Killed Menkaure
  5737 | D:7      | Noticed Duvessa
  5738 | D:7      | Noticed Dowan
  5750 | D:7      | Killed Duvessa
  5766 | D:7      | Killed Dowan
  6033 | D:7      | Noticed Joseph
  6046 | D:7      | Killed Joseph
  6046 | D:7      | Reached XP level 10. HP: 57/70 MP: 10/10
  6280 | D:8      | Reached skill level 1 in Slings
  6673 | D:8      | Reached skill level 5 in Slings
  7036 | D:8      | Noticed Maggie
  7036 | D:8      | Noticed Pikel
  7043 | D:8      | Killed Pikel
  7043 | D:8      | Killed Maggie
  7043 | D:8      | Reached skill level 10 in Axes
  7816 | D:9      | Found a staircase to the Lair.
  7822 | D:9      | Reached skill level 5 in Fighting
  7943 | D:9      | Reached **** piety under Cheibriados
  7975 | D:9      | Reached XP level 11. HP: 80/80 MP: 11/11
  8589 | D:9      | Found a sparkling altar of Nemelex Xobeh.
  8672 | D:9      | Reached ***** piety under Cheibriados
  8812 | D:10     | Entered Level 10 of the Dungeon
  9580 | D:10     | Reached skill level 5 in Invocations
  9764 | D:11     | Noticed a five-headed hydra
  9765 | D:11     | Noticed a manticore
  9771 | D:11     | Killed a manticore
  9917 | D:11     | Reached skill level 11 in Axes
 10027 | D:11     | Noticed a manticore
 10030 | D:11     | Noticed an orc knight
 10043 | D:11     | Killed a manticore
 10049 | D:11     | Killed an orc knight
 10281 | D:11     | Reached skill level 12 in Axes
 10281 | D:11     | Reached XP level 12. HP: 88/89 MP: 16/16
 10439 | D:11     | Found a staircase to the Orcish Mines.
 10740 | D:11     | Reached skill level 13 in Axes
 11126 | D:12     | Found a corrupted altar of Lugonu.
 11130 | D:12     | Noticed a sixfirhy
 11137 | D:12     | Reached ****** piety under Cheibriados
 11272 | D:12     | Reached skill level 14 in Axes
 11550 | D:12     | Noticed Gastronok
 11574 | D:12     | Killed Gastronok
 12071 | D:13     | Reached XP level 13. HP: 76/92 MP: 17/17
 12104 | D:13     | Reached skill level 15 in Axes
 12110 | D:13     | Noticed a centaur warrior
 12120 | D:13     | Killed a centaur warrior
 12129 | D:13     | Noticed a six-headed hydra
 12147 | D:13     | Gained mutation: You evolve. [potion of mutation]
 12147 | D:13     | Gained mutation: Your spells are a little easier to cast,
                  | but a little less powerful. [potion of mutation]
 12147 | D:13     | Gained mutation: You possess an exceptional clarity of
                  | mind. [potion of mutation]
 12164 | D:13     | Mangled by an iron troll

Illustrated notes

Levels and vault maps discovered:
D:1:      elethiomel_arrival_infinity_welcomes_careful_drivers, layout_basic
D:2:      layout_basic, fedhas_altar_4, uniq_sigmund, uniq_terence
D:3:      layout_basic, uniq_crazy_yiuf_cottage
D:4:      layout_loops_ring, minmay_temple_entry_statues_fountains,
          first_ration, serial_shops, shop, shop_fountains, shop, shop_coins,
          nicolae_shop_stone, vehumet_altar_wand_db
D:5:      layout_cave_pools, eat_drink_and_be_merry_uskayaw
D:6:      layout_loops_ring, uniq_eustachio
D:7:      layout_loops_cross, grunt_ogre_cave, lightli_corner_chamber,
          uniq_menkaure, uniq_joseph, uniq_duvessa
D:8:      layout_loops_ring, serial_co_window_serial, co_window_corner_a,
          co_window_corner_a, co_window_corner_a, co_window_paths_a,
          co_window_paths_b, co_window_corner_a, co_window_broadway_c,
          co_window_corner_ca, co_window_unsneaky_path_b,
          co_window_unsneaky_path_b, co_window_of_opportunity_c,
          co_window_broadway_c, co_window_corner_b, glass_columns_b,
          minmay_misc_feat_x, minivault_5, uniq_maggie, uniq_pikel
D:9:      layout_gridville, due_lair_maze_entry_diamond,
          nemelex_xobeh_ov_fountains_minmay
D:10:     layout_loops_corners
D:11:     minmay_diamond_stairs, layout_irregular_city, david_orc_2, pond
D:12:     kennysheep_kobold_lugonu_temple, layout_stronghold, serial_undead,
          serial_undead_b, serial_undead_f, serial_undead_b, serial_undead_e,
          serial_undead_d, uniq_gastronok
D:13:     minmay_crescents, layout_irregular_city, david_vaults_4,
          gauntlet_entry_generic, kb_rosetta
Temple:   regret_index_temple_chain_breaker

Skill      XL: |  1  2  3  4  5  6  7  8  9 10 11 12 13 |
---------------+----------------------------------------+-----
Axes           | 3 4 5 6 7 8 9 10 12 14 15 | 15.2
Shields        | 4 6 8 9 |  9.0
Armour         | 4 6 7 8 9 |  9.6
Slings         | 5 |  5.0
Fighting       | 5 6 |  6.3
Invocations    | 6 |  6.0

Action                   |  1- 3 |  4- 6 |  7- 9 | 10-12 | 13-15 || total
-------------------------+-------+-------+-------+-------+-------++-------
Melee: War axe           |    86 |   109 |   460 |   539 |    34 ||  1228
 Fire: Hunting sling     |       |       |       |   208 |       ||   208
Invok: Bend Time         |       |       |     1 |       |       ||     1
       Temporal Distorti |       |       |     1 |       |       ||     1
       Slouch            |       |       |       |     1 |     3 ||     4
Evoke: Wand              |       |       |     2 |     2 |       ||     4
  Use: Potion            |       |     1 |     4 |     1 |    10 ||    16
       Scroll            |       |       |     8 |    14 |       ||    22
 Stab: Invisible         |       |       |     4 |       |       ||     4
       Sleeping          |       |       |       |     1 |       ||     1
  Eat: Chunk             |       |     6 |     9 |    12 |       ||    27
Armor: Scale mail        |    30 |    46 |   119 |       |       ||   195
       Chain mail        |       |       |    11 |    27 |       ||    38
       Swamp dragon scal |       |       |       |   136 |    12 ||   148
Dodge: Dodged            |    27 |    42 |   138 |   253 |    16 ||   476
Block: Kite shield       |    49 |    77 |   241 |   409 |    28 ||   804
